 Dungeon Crawl Stone Soup version 0.30-a0-134-gb40fab5c76 (webtiles) character file.

Game seed: 6388082912018682036

12418 juncz the Frost Mage (level 11, -3/74 HPs)
             Began as a Green Draconian Ice Elementalist on Sept 19, 2022.
             Was an Initiate of Gozag.
             Slain by a yak (8 damage)
             ... on level 10 of the Dungeon.
             The game lasted 00:51:05 (12133 turns).

juncz the Frost Mage (DrIE)                        Turns: 12133, Time: 00:51:05

Health: -3/74      AC:  9    Str: 11    XL:     11   Next: 62%
Magic:  24/25      EV: 12    Int: 19    God:    Gozag
Gold:   1169       SH:  0    Dex: 12    Spells: 22/31 levels left

rFire   . . .      SeeInvis .    G - +7 Throatcutter {drain, coup de grace}
rCold   . . .      Faith    .    (no shield)
rNeg    . . .      Spirit   .    (body armour unavailable)
rPois   +          Reflect  .    (helmet restricted)
rElec   .          Harm     .    (no cloak)
rCorr   .          Rampage  .    C - +1 pair of gloves
Will    .....                    (no boots)
Stlth   ++........               e - amulet of magic regeneration
HPRegen 0.22/turn                (no ring)
MPRegen 0.59/turn                (no ring)

@: gold aura
A: breathe noxious fumes, AC +7, unfitting armour, poison resistance,
cold-blooded
a: Breathe Noxious Fumes, Renounce Religion, Potion Petition, Call Merchant,
Bribe Branch


You were on level 10 of the Dungeon.
You worshipped Gozag.
Gozag was most pleased with you.
You visited 2 branches of the dungeon, and saw 11 of its levels.
You also visited: Bailey.

You collected 1453 gold pieces.
You spent 140 gold pieces at shops.
You paid 144 gold pieces to Gozag.

Inventory:

Hand Weapons
 k - a +0 club
 y - a +2 spear of venom
 G - the +7 Throatcutter (weapon) {drain, coup de grace}
   (You found it on level 7 of the Dungeon)

   A truly terrible weapon, it drains the life of any living foe it strikes.
   It may instantly kill foes which have little health.
Missiles
 m - 44 stones
Armour
 C - a +1 pair of gloves (worn)
Magical Staves
 E - a staff of death
Jewellery
 e - an amulet of magic regeneration (around neck)
 x - an amulet of regeneration
 A - a +4 ring of evasion
 B - a +4 ring of protection
 H - a ring of fire
Wands
 p - a wand of flame (18)
 D - a wand of charming (20)
 I - a wand of roots (6)
Scrolls
 d - 4 scrolls of teleportation
 i - 3 scrolls of blinking
 j - a scroll of enchant weapon
 n - 4 scrolls of fear
 q - 4 scrolls of magic mapping
 s - 2 scrolls of summoning
 t - a scroll of poison {unknown}
 w - 2 scrolls of amnesia
 z - 3 scrolls of noise
Potions
 a - a potion of magic
 b - 4 potions of haste {unknown}
 c - a potion of cancellation {unknown}
 f - 3 potions of might
 g - a potion of berserk rage {unknown}
 h - 4 potions of mutation {unknown}
 l - 2 potions of flight {unknown}
 o - 3 potions of brilliance {unknown}
 r - 7 potions of curing {unknown}
 u - 2 potions of attraction {unknown}
 v - a potion of resistance {unknown}
 F - 2 potions of lignification {unknown}


   Skills:
 - Level 2.0 Dodging
 - Level 2.0 Stealth
 + Level 10.9 Spellcasting
 - Level 6.0 Conjurations
 - Level 5.0 Fire Magic
 + Level 12.5 Ice Magic
 - Level 3.0 Earth Magic


You had 22 spell levels left.
You knew the following spells:

 Your Spells              Type           Power      Damage    Failure   Level
a - Freeze                Ice            100%       1d11      1%          1
b - Frozen Ramparts       Ice            100%       1d16      1%          3
c - Ozocubu's Armour      Ice            55%        N/A       1%          3
d - Scorch                Fire           58%        2d8       1%          2

Your spell library contained the following spells:

 Spells                   Type           Power      Damage    Failure   Level
 Shock                    Conj/Air       84%        1d8       1%          1
 Ensorcelled Hibernation  Hex/Ice        68%        N/A       1%          2
 Hailstorm                Conj/Ice       45%        3d10      1%          4
 Slow                     Hex            40%        N/A       7%          1
 Flame Wave               Conj/Fire      31%        2d9       7%          4
 Blink                    Tloc           20%        N/A       11%         2
 Confusing Touch          Hex            10%        N/A       21%         3
 Lesser Beckoning         Tloc           10%        N/A       21%         3
 Spider Form              Tmut/Pois      10%        N/A       21%         3
 Swiftness                Air            10%        N/A       21%         3
 Vampiric Draining        Necr           10%        2d6       21%         3
 Airstrike                Air            5%         2d(1-17)  56%         4
 Anguish                  Hex/Necr       5%         N/A       56%         4
 Manifold Assault         Tloc           10%        N/A       56%         4
 Iron Shot                Conj/Erth      13%        9d3       86%         6
 Blade Hands              Tmut           5%         N/A       88%         5
 Summon Cactus Giant      Summ           5%         N/A       100%        6
 Animate Armour           Summ/Erth      Unusable   N/A       N/A         4

Dungeon Overview and Level Annotations

Branches:
Dungeon (10/15)            Temple (1/1) D:5          Bailey (visited)
   Lair: D:8-11         Orc: D:9-12

Altars:
Ashenzari
Cheibriados
Dithmenos
Elyvilon
Fedhas
Gozag
Hepliaklqana
Kikubaaqudgha
Makhleb
Nemelex Xobeh
Okawaru
Qazlal
Ru
Sif Muna
Trog
Uskayaw
Vehumet
Wu Jian
Xom
Yredelemnul
Zin
The Shining One

Shops:
D:9 *

Annotations:
D:10 exclusion: obsidian statue


Innate Abilities, Weirdness & Mutations

You can breathe blasts of noxious fumes.
Your lurid green scales are hard. (AC +7)
You cannot fit into any form of body armour.
Your system is resistant to poisons. (rPois)
You are cold-blooded and may be slowed by cold attacks.


Message History

The gnoll sergeant hits you from afar with a +3 spear of venom!
* * * LOW HITPOINT WARNING * * *
Your icy armour and frozen ramparts will break if you move.
Continue? [Y]es or [N]o only, please.
Your icy armour and frozen ramparts will break if you move.
Continue? [Y]es or [N]o only, please.
Your icy armour and frozen ramparts will break if you move.
Continue?
Your icy armour cracks and falls away as you move.
The frozen ramparts melt away as you move.
You feel sick. The gnoll sergeant closely misses you.
Casting: Frozen Ramparts (safe; 1% risk of failure)
Confirm with . or Enter, or press ? or * to list all spells.
Casting: Frozen Ramparts (safe; 1% risk of failure)
Press: ? - help, Dir - look around, f - activate The walls around you are covered in ice.
You feel sick.
The gnoll sergeant hits you with a +3 spear of venom.
* * * LOW HITPOINT WARNING * * *
Your frozen ramparts will break if you move.
Continue?
Okay, then.
You feel sick.
The wall freezes the yak!
The gnoll sergeant hits you with a +3 spear of venom.
* * * LOW HITPOINT WARNING * * *
Your surroundings suddenly seem different.
The frozen ramparts melt away as you move.
A yak comes into view.
Found a stone staircase leading down.
You feel sick.
The yak is distracted by your dazzling golden aura.
Okay, then.
You feel sick.
You are no longer poisoned.
The yak bellows! x2
The yak is no longer distracted by gold.
The yak is distracted by your dazzling golden aura.
The yak bellows!
The yak attacks as you move away! The yak barely misses you.
The yak is distracted by your dazzling golden aura.
The yak attacks as you move away! The yak gores you!
You die...
Your body crumbles into a pile of gold.

#......#8#8#...
#............#
#............#
###............+
..'............#
)##...$$g......#
.######...###### # .#
#g###########..# .##
#...Y.YY.Y@....# ..#
....YYY....###.# ...#
.......Y........
.#................>##
.####............#.#
.# ####.######..#.#
.. #.# .....# ##
####.# ..


You could see 8 yaks.

Vanquished Creatures
  A hydra (D:10)
  Erica (D:8)
  A two-headed ogre (D:9)
  Amaemon (D:9)
  A fire crab (shapeshifter) (D:9)
  An orc knight (Bailey)
  The ghost of gdog the Covert, a novice GnDe (D:5)
  Maggie (D:9)
  A komodo dragon (D:10)
  An orange demon (D:9)
  A troll (D:9)
  A hornet (D:9)
  Grinder (D:5)
  Sigmund (D:5)
  2 wyverns
  A wraith (D:9)
  10 yaks
  A vampire (D:10)
  3 steam dragons
  The ghost of zazu2006 the Magician, an amateur NaHW (D:4)
  Menkaure (D:6)
  A water moccasin (D:8)
  2 sky beasts (D:6)
  6 orc warriors
  2 black bears
  An ogre (D:7)
  3 centaurs
  8 kobold brigands
  2 gnoll sergeants (D:9)
  2 necrophages (D:6)
  4 scorpions
  10 wights
  9 killer bees
  4 howler monkeys
  4 hounds
  2 jellies (D:5)
  A gnoll bouda (D:7)
  6 orc priests
  Ijyb (D:3)
  5 iguanas
  9 orc wizards
  13 gnolls
  9 adders
  A shadow imp (D:6)
  3 white imps
  An ufetubus (D:6)
  2 worms
  2 dart slugs
  30 orcs
  8 endoplasms
  6 giant cockroaches
  10 goblins
  5 hobgoblins
  8 jackals
  A quokka (D:3)
  2 ball pythons
  7 bats
  A frilled lizard (D:1)
  16 kobolds
  4 rats
244 creatures vanquished.

Vanquished Creatures (others)
  A kobold (D:4)
  6 plants (D:9)
7 creatures vanquished.

Grand Total: 251 creatures vanquished

Notes
Turn   | Place    | Note
-------+----------+-------------------------------------------
     0 | D:1      | juncz the Draconian Ice Elementalist began the quest for
                  | the Orb.
     0 | D:1      | Reached XP level 1. HP: 14/14 MP: 3/3
   384 | D:1      | Reached XP level 2. HP: 20/20 MP: 1/5
  1451 | D:2      | Reached XP level 3. HP: 23/26 MP: 3/6
  1643 | D:2      | Learned a level 3 spell: Frozen Ramparts
  1756 | D:2      | Learned a level 3 spell: Ozocubu's Armour
  2062 | D:3      | Reached XP level 4. HP: 33/33 MP: 2/8
  2076 | D:3      | Learned a level 2 spell: Scorch
  2283 | D:3      | Noticed Ijyb
  2292 | D:3      | Killed Ijyb
  2409 | D:3      | Reached skill level 1 in Fire Magic
  2409 | D:3      | Reached skill level 5 in Ice Magic
  2509 | D:3      | Reached XP level 5. HP: 38/38 MP: 7/10
  3047 | D:4      | Found a transporter.
  3050 | D:4      | Found a transporter.
  3050 | D:4      | Noticed zazu2006's ghost (amateur NaHW)
  3079 | D:4      | Reached XP level 6. HP: 43/45 MP: 5/11
  3874 | D:5      | Entered Level 5 of the Dungeon
  3900 | D:5      | Noticed Sigmund
  3907 | D:5      | Killed Sigmund
  3908 | D:5      | Reached skill level 6 in Ice Magic
  3908 | D:5      | Your scales start taking on a lurid green colour.
  3908 | D:5      | Reached XP level 7. HP: 50/50 MP: 5/13
  3908 | D:5      | Gained mutation: Your system is resistant to poisons.
                  | (rPois) [Green Draconian growth]
  4161 | D:5      | Found a staircase to the Ecumenical Temple.
  4170 | Temple   | Entered the Ecumenical Temple
  4400 | D:5      | Reached skill level 5 in Spellcasting
  4485 | D:5      | Noticed Grinder
  4513 | D:5      | Killed Grinder
  4514 | D:5      | Reached XP level 8. HP: 39/57 MP: 2/16
  4788 | D:5      | Found a large runed translucent door.
  4788 | D:5      | Found a large runed translucent door.
  4790 | D:5      | Noticed gdog's ghost (novice GnDe)
  4821 | D:5      | Killed gdog's ghost
  4822 | D:5      | Reached skill level 5 in Fire Magic
  4822 | D:5      | Reached skill level 7 in Ice Magic
  5486 | D:4      | Killed zazu2006's ghost
  5487 | D:4      | Reached skill level 8 in Ice Magic
  5948 | D:6      | Reached XP level 9. HP: 61/62 MP: 14/19
  6087 | D:6      | Found an ancient bone altar of Kikubaaqudgha.
  6170 | D:6      | Reached skill level 9 in Ice Magic
  6193 | D:6      | Noticed Menkaure
  6195 | D:6      | Killed Menkaure
  6753 | Temple   | Became a worshipper of Gozag Ym Sagoz the Greedy
  6885 | D:7      | Reached skill level 1 in Earth Magic
  6938 | D:7      | Reached skill level 1 in Conjurations
  7739 | D:7      | Found the +7 Throatcutter {drain, coup de grace}
  8510 | D:8      | Reached XP level 10. HP: 69/69 MP: 16/22
  8512 | D:8      | Noticed Erica
  8523 | D:8      | Killed Erica
  8524 | D:8      | Reached skill level 10 in Ice Magic
  8991 | D:8      | Reached skill level 5 in Conjurations
  9578 | D:9      | Noticed a two-headed ogre
  9588 | D:9      | Killed a two-headed ogre
  9589 | D:9      | Reached skill level 11 in Ice Magic
  9589 | D:9      | Noticed Maggie
  9602 | D:9      | Killed Maggie
  9612 | D:9      | Found a flagged portal.
  9622 | Bailey   | Entered a bailey
  9728 | Bailey   | Noticed an orc knight
  9744 | Bailey   | Reached XP level 11. HP: 71/74 MP: 19/24
  9803 | Bailey   | Killed an orc knight
 10033 | Bailey   | Identified the +0 plate armour of the Slimy God {rC+ Dex+4}
 10076 | Bailey   | Found a burning altar of Makhleb.
 10142 | D:9      | Reached skill level 10 in Spellcasting
 10320 | D:9      | Noticed Amaemon
 10366 | D:9      | Killed Amaemon
 10367 | D:9      | Reached skill level 12 in Ice Magic
 10500 | D:9      | Found Miegahe's Assorted Antiques.
 10522 | D:9      | Bought a large citrine amulet for 140 gold pieces
 10611 | D:9      | Noticed a fire crab
 10625 | D:9      | Killed a fire crab
 11186 | D:10     | Entered Level 10 of the Dungeon
 11665 | D:10     | Found a broken altar of Ashenzari.
 11665 | D:10     | Found a radiant altar of Vehumet.
 11666 | D:10     | Found a burning altar of Makhleb.
 11715 | D:10     | Noticed a six-headed hydra
 11721 | D:10     | Killed a six-headed hydra
 11952 | D:10     | Noticed an obsidian statue
 12133 | D:10     | Slain by a yak

Illustrated notes

Levels and vault maps discovered:
D:1:      dpeg_arrival_concentric_ovals, layout_basic
D:2:      layout_basic, minmay_pentomino_o2
D:3:      layout_basic, uniq_ijyb
D:4:      layout_basic, gammafunk_ghost_arena
D:5:      layout_basic, minmay_temple_entry_sparse_star,
          ebering_ghost_disaster_area, chequers_serial_rivers_marsh,
          uniq_sigmund, uniq_grinder
D:6:      layout_rooms, minmay_ruined_shrine, uniq_menkaure
D:7:      layout_loops_cross, grunt_ministairs_8
D:8:      layout_cave_pods, uniq_erica
D:9:      layout_basic, enter_bailey_5, serial_shops,
          nicolae_shop_overgrown_old_shop, uniq_amaemon, uniq_maggie
D:10:     layout_basic, gammafunk_temple_overflow_claw, orc_0_dummy,
          nicolae_blasting_shop, grunt_ministairs_15, minmay_statue_bubble
Temple:   hellmonk_temple_of_storms

Skill      XL: |  1  2  3  4  5  6  7  8  9 10 11 |
---------------+----------------------------------+-----
Dodging        | 2 |  2.0
Stealth        | 2 |  2.0
Spellcasting   | 3 4 5 6 8 9 10 | 10.9
Fire Magic     | 1 2 3 4 5 |  5.0
Ice Magic      | 5 6 8 9 11 12 | 12.5
Earth Magic    | 3 |  3.0
Conjurations   | 3 6 |  6.0

Action                   |  1- 3 |  4- 6 |  7- 9 | 10-12 || total
-------------------------+-------+-------+-------+-------++-------
Melee: Unarmed           |     5 |       |       |       ||     5
       Club              |       |     3 |     5 |       ||     8
       Tailslap          |       |     1 |     1 |     4 ||     6
       Spear             |       |       |     8 |       ||     8
       Long sword        |       |       |     3 |    11 ||    14
       Punch             |       |       |       |     1 ||     1
Throw: Stone             |     1 |    14 |     1 |     5 ||    21
 Cast: Freeze            |    45 |    48 |    67 |    96 ||   256
       Frozen Ramparts   |     5 |    29 |    36 |    47 ||   117
       Ozocubu's Armour  |     1 |     7 |    15 |    24 ||    47
       Scorch            |       |       |    82 |    41 ||   123
 Abil: Breathe Noxious F |       |       |     2 |     2 ||     4
Evoke: Wand              |       |       |     5 |     4 ||     9
  Use: Scroll            |       |     4 |     6 |     3 ||    13
       Potion            |       |       |     2 |     1 ||     3
Armor: Skin              |    12 |    19 |    56 |    66 ||   153
Dodge: Dodged            |    25 |    17 |    70 |    70 ||   182

Table legend: (Time is in decaauts)
 A = Elapsed time spent in this place.
 B = Non-inter-level travel time spent in this place.
 C = Inter-level travel time spent in this place.
 D = Time resting spent in this place.
 E = Time spent auto-exploring this place.
 F = Levels seen in this place.
 G = Mean time per level.
                   A        B        C        D        E       F      G
               +--------+--------+--------+--------+--------+-----+--------+
         Total |  12167 |  11664 |    503 |   2979 |   6670 |  12 | 1013.9 |
       Dungeon |  11614 |  11140 |    474 |   2682 |   6629 |  10 | 1161.4 |
        Temple |     63 |     34 |     29 |      0 |     18 |   1 |   63.0 |
        Bailey |    489 |    489 |      0 |    297 |     23 |   1 |  489.0 |
               +--------+--------+--------+--------+--------+-----+--------+

Top non-repeatable levels by time:
     D:5: 1615 daAuts
     D:8: 1438 daAuts
     D:6: 1399 daAuts
     D:9: 1378 daAuts
     D:1: 1097 daAuts
     D:4: 1064 daAuts
     D:7: 1060 daAuts
     D:2: 947 daAuts
     D:3: 855 daAuts
    D:10: 758 daAuts
  Bailey: 489 daAuts
  Temple: 63 daAuts
